 Dungeon Crawl Stone Soup version 0.21.1-1-g345015f (webtiles) character file.

58 Fang the Scratcher (level 3, -1/17 HPs)
             Began as a Felid Fighter on Apr 11, 2018.
             Slain by a gnoll
             ... wielding a +0 spear
              (3 damage)
             ... on level 5 of the Dungeon.
             The game lasted 00:02:01 (1924 turns).

Fang the Scratcher (Felid Fighter)                  Turns: 1924, Time: 00:02:01

Health: -1/17      AC:  1    Str: 13    XL:     3   Next: 76%
Magic:  4/4        EV: 19    Int:  9    God:
Gold:   118        SH:  0    Dex: 15    Spells: 2/2 levels left
                                        Lives:  0   Deaths: 0

rFire    . . .     SeeInvis +     - Unarmed
rCold    . . .     Gourm    .   (shield unavailable)
rNeg     . . .     Faith    .   (armour unavailable)
rPois    .         Spirit   .   (helmet unavailable)
rElec    .         Reflect  .   (cloak unavailable)
rCorr    .         Harm     .   (gloves unavailable)
MR       .....                  (boots unavailable)
Stlth    ++........             (no amulet)
HPRegen  0.05/turn              h - ring of see invisible
MPRegen  0.09/turn              (no ring)

@: quick
A: very small, no armour, no weapons or thrown items, stealth, claws 1, fangs 3,
see invisible, carnivore, speed 1, shaggy fur 1, slow metabolism 1, sharp paws
a: no special abilities


You were on level 5 of the Dungeon.
You were very full.

You visited 1 branch of the dungeon, and saw 4 of its levels.

You collected 118 gold pieces.

Inventory:

Jewellery
 h - a ring of see invisible (left paw)
 j - an uncursed amulet of harm {unknown}
Wands
 l - a wand of iceblast (11)
Scrolls
 c - a scroll of fear {unknown}
 d - 2 scrolls of identify {unknown}
 m - a scroll of teleportation {unknown}
Potions
 a - a potion of might
 e - a potion of heal wounds {unknown}
 f - a potion of curing {unknown}
 g - a potion of haste {unknown}
 i - a potion of invisibility {unknown}
 k - a potion of agility {unknown}
Comestibles
 b - 4 rations


   Skills:
 + Level 3.3 Fighting
 + Level 4.5 Dodging
 + Level 1.5 Stealth
 + Level 4.8 Unarmed Combat


You had 2 spell levels left.
You didn't know any spells.

Dungeon Overview and Level Annotations

Branches:
Dungeon (3/15)

Altars:


Innate Abilities, Weirdness & Mutations

You cannot wear armour.
You are incapable of wielding weapons or throwing items.
Your paws allow you to move quietly. (Stealth)
You have sharp claws.
You have razor-sharp teeth.
You have supernaturally acute eyesight. (SInv)
You are carnivorous and can eat meat at any time.
You cover ground quickly.
You are covered in fur. (AC +1)
You have a slow metabolism.
Your sharp claws are effective at attacking unaware monsters.


Message History

A gnoll comes into view. It is wielding a flail.
The gnoll hits you from afar with a spear!
You are too injured to fight recklessly!
You are too injured to fight recklessly!
The gnoll shouts!
A gnoll comes into view. It is wielding a flail.
The gnoll hits you with a spear.
* * * LOW HITPOINT WARNING * * *
The gnoll shouts!
You claw the gnoll! You bite the gnoll, but do no damage.
The gnoll is severely wounded.
The gnoll closely misses you.
You scratch the gnoll.
The gnoll is almost dead.
The gnoll hits you with a spear.
* * * LOW HITPOINT WARNING * * *
You barely miss the gnoll.
The gnoll is almost dead.
The gnoll hits you with a spear.
You die...

#.........###
#.##......รท.#
#.#...#####.#
#.#.#.# #.#
#.....# #.#
###.### #.#
#.# #.# #.#
#.# #@# #.#
#g# #.# #g#
#g# #.# #.#
#.# .Y. #.#


You could see an ice beast (wandering) and 3 gnolls.

Vanquished Creatures
  An adder (D:2)
  2 oozes (D:2)
  A dart slug (D:2)
  3 worms (D:2)
  A giant cockroach (D:2)
  3 hobgoblins
  9 jackals
  3 kobolds
  2 frilled lizards (D:1)
  A goblin (D:1)
  A jackal zombie (D:5)
  3 rats
30 creatures vanquished.

Notes
Turn   | Place    | Note
-------+----------+-------------------------------------------
     0 | D:1      | Fang the Felid Fighter began the quest for the Orb.
     0 | D:1      | Reached XP level 1. HP: 10/10 MP: 2/2
   124 | D:1      | Reached XP level 2. HP: 14/14 MP: 3/3
  1138 | D:2      | Reached XP level 3. HP: 17/17 MP: 4/4
  1562 | D:2      | Reached skill level 1 in Stealth
  1848 | D:3      | You fall through a shaft for 2 floors!
  1848 | D:5      | Entered Level 5 of the Dungeon
  1924 | D:5      | Slain by a gnoll

Skill      XL: |  1  2  3 |
---------------+----------+-----
Stealth        | 1 |  1.5
Fighting       | |  3.3
Dodging        | |  4.5
Unarmed Combat | |  4.8

Action                   || total
-------------------------++-------
Melee: Unarmed           ||    89
       Bite              ||     9
 Stab: Sleeping          ||     6
  Eat: Chunk             ||     8
Armor: Skin              ||     5
Dodge: Dodged            ||    52
